TOP OF THE 1ST |
Pennsylvania State University Nittany Lions batting - Pitching for Clemson University Tigers : RHP Alex Rivas
|
Pitching: RHP Alex Rivas
|
|
Batting: RHB John Hopkins
|
0-0: Ball 1-0: Ball 2-0: Ball 3-0: Base on Balls
|
Batting: RHB Roberto Medina
|
0-0: Called Strike 0-1: Ball 1-1: Ball 2-1: Foul Ball, location: 2F 2-2: Foul Ball, location: 2F 2-2: Foul Ball, location: 2F 2-2: Foul Ball, location: 2F 2-2: Foul Ball, location: 2F 2-2: Grounds into double play, 6-4-3 (Groundball, 6, EV 106.9 MPH)
|
Batting: RHB Kaoru Hamada
|
0-0: Foul Ball, location: 2F 0-1: Called Strike 0-2: Foul Ball, location: 2F 0-2: Strikes out swinging
|
Top of the 1st over - 0 runs, 0 hits, 0 errors, 0 left on base; Pennsylvania State University 0 - Clemson University 0 |
BOTTOM OF THE 1ST |
Clemson University Tigers batting - Pitching for Pennsylvania State University Nittany Lions : RHP David Kalinsky
|
Pitching: RHP David Kalinsky
|
|
Batting: LHB Alonzo Catalan
|
0-0: Ground out 6-3 (Groundball, 6, EV 81.9 MPH)
|
Batting: LHB Jayden Pelayo
|
0-0: Ball 1-0: Ball 2-0: Fly out, F8 (Flyball, 78D, EV 93.8 MPH)
|
Batting: RHB Chris Prinzing
|
0-0: Fly out, F9 (Flyball, 89M, EV 88.8 MPH)
|
Bottom of the 1st over - 0 runs, 0 hits, 0 errors, 0 left on base; Pennsylvania State University 0 - Clemson University 0 |
TOP OF THE 2ND |
Pennsylvania State University Nittany Lions batting - Pitching for Clemson University Tigers : RHP Alex Rivas
|
Batting: SHB Glenn Harrison
|
0-0: Ground out 4-3 (Groundball, 4, EV 79.4 MPH)
|
Batting: RHB Klaus Brown
|
0-0: Ball 1-0: SINGLE (Line Drive, 56, EV 99.4 MPH)
|
Batting: RHB Franklin van den Berg
|
0-0: Called Strike 0-1: Ball 1-1: Ball 2-1: Fly out, F8 (Line Drive, 8LM, EV 103.1 MPH)
|
Batting: LHB Josh Lane
|
0-0: Foul Ball, location: 2F 0-1: Ball 1-1: Called Strike 1-2: Strikes out swinging
|
Top of the 2nd over - 0 runs, 1 hit, 0 errors, 1 left on base; Pennsylvania State University 0 - Clemson University 0 |
BOTTOM OF THE 2ND |
Clemson University Tigers batting - Pitching for Pennsylvania State University Nittany Lions : RHP David Kalinsky
|
Batting: RHB Jorge Alva
|
0-0: Fly out, F8 (Flyball, 8RM, EV 82.5 MPH)
|
Batting: RHB Josh LeSage
|
0-0: Fly out, F7 (Flyball, 7D, EV 108.8 MPH)
|
Batting: RHB Jason Duncan
|
0-0: Called Strike 0-1: Foul Ball, location: 2F 0-2: Ball 1-2: Ball 2-2: Ball 3-2: Foul Ball, location: 2F 3-2: Foul Ball, location: 2F 3-2: SINGLE (Line Drive, 78M, EV 110.0 MPH)
|
Batting: LHB Jackson Wither
|
0-0: Fly out, F4 (Line Drive, 4, EV 74.4 MPH)
|
Bottom of the 2nd over - 0 runs, 1 hit, 0 errors, 1 left on base; Pennsylvania State University 0 - Clemson University 0 |
TOP OF THE 3RD |
Pennsylvania State University Nittany Lions batting - Pitching for Clemson University Tigers : RHP Alex Rivas
|
Batting: SHB Oscar Barahona
|
0-0: Called Strike 0-1: Ball 1-1: Ball 2-1: Foul Ball, location: 2F 2-2: Ball 3-2: DOUBLE (Flyball, 8LXD, EV 98.8 MPH)
|
Batting: LHB Elijah Mallandain
|
0-0: Ball 1-0: Ball 2-0: Foul Ball, location: 2F 2-1: Ball 3-1: Base on Balls
|
Batting: RHB John Hopkins
|
0-0: Ball 1-0: Called Strike 1-1: TRIPLE (Line Drive, 8LXD, EV 104.4 MPH) Oscar Barahona scores Elijah Mallandain scores
|
Batting: RHB Roberto Medina
|
0-0: Ball 1-0: Ball 2-0: Swinging Strike 2-1: Called Strike 2-2: Ball 3-2: DOUBLE (Groundball, 5L, EV 102.5 MPH) John Hopkins scores
|
Batting: RHB Kaoru Hamada
|
0-0: Ball 1-0: Ball 2-0: Ground out U3 (Groundball, 3, EV 81.9 MPH) Roberto Medina to third
|
Batting: SHB Glenn Harrison
|
0-0: Ball 1-0: Fly out, F7 (Line Drive, 7S, EV 102.5 MPH)
|
Batting: RHB Klaus Brown
|
0-0: Ball 1-0: Ball 2-0: Foul Ball, location: 2F 2-1: Ball 3-1: Foul Ball, location: 2F 3-2: Foul Ball, location: 2F 3-2: Foul Ball, location: 2F 3-2: Strikes out swinging
|
Top of the 3rd over - 3 runs, 3 hits, 0 errors, 1 left on base; Pennsylvania State University 3 - Clemson University 0 |
BOTTOM OF THE 3RD |
Clemson University Tigers batting - Pitching for Pennsylvania State University Nittany Lions : RHP David Kalinsky
|
Batting: RHB Neal Perucci
|
0-0: Ball 1-0: Foul Ball, location: 2F 1-1: Ground out 4-3 (Groundball, 4, EV 80.6 MPH)
|
Batting: RHB Dermott Ayliffe
|
0-0: Ball 1-0: Ball 2-0: Called Strike 2-1: SINGLE (Line Drive, 3D, EV 97.5 MPH)
|
Batting: LHB Alonzo Catalan
|
0-0: Ball 1-0: Swinging Strike 1-1: Foul Ball, location: 2F 1-2: SINGLE (Groundball, 4D, EV 100.6 MPH) Dermott Ayliffe to second
|
Batting: LHB Jayden Pelayo
|
0-0: Called Strike 0-1: Fly out, F3 (Line Drive, 3L, EV 64.4 MPH)
|
Batting: RHB Chris Prinzing
|
0-0: Swinging Strike 0-1: Foul Ball, location: 2F 0-2: Ball 1-2: Strikes out swinging
|
Bottom of the 3rd over - 0 runs, 2 hits, 0 errors, 2 left on base; Pennsylvania State University 3 - Clemson University 0 |
TOP OF THE 4TH |
Pennsylvania State University Nittany Lions batting - Pitching for Clemson University Tigers : RHP Alex Rivas
|
Batting: RHB Franklin van den Berg
|
0-0: Ground out 1-3 (Groundball, 25, EV 76.2 MPH)
|
Batting: LHB Josh Lane
|
0-0: Ball 1-0: Called Strike 1-1: SINGLE (Flyball, 7S, EV 96.2 MPH)
|
Batting: SHB Oscar Barahona
|
0-0: Called Strike 0-1: Ball 1-1: Called Strike 1-2: SINGLE (Flyball, 34D, EV 89.4 MPH) Josh Lane to second
|
Batting: LHB Elijah Mallandain
|
0-0: Foul Ball, location: 2F 0-1: Ground out 6-3 (Groundball, 56D, EV 99.4 MPH) Josh Lane to third Oscar Barahona to second
|
Batting: RHB John Hopkins
|
0-0: Fly out, F8 (Line Drive, 8LM, EV 95.6 MPH)
|
Top of the 4th over - 0 runs, 2 hits, 0 errors, 2 left on base; Pennsylvania State University 3 - Clemson University 0 |
BOTTOM OF THE 4TH |
Clemson University Tigers batting - Pitching for Pennsylvania State University Nittany Lions : RHP David Kalinsky
|
Batting: RHB Jorge Alva
|
0-0: Called Strike 0-1: Called Strike 0-2: Reached on error, E6 (Groundball, 6, EV 91.2 MPH)
|
Batting: RHB Josh LeSage
|
0-0: Ball 1-0: Ball 2-0: Fly out, F9 (Line Drive, 9LM, EV 93.1 MPH)
|
Batting: RHB Jason Duncan
|
0-0: Ball 1-0: Fly out, F9 (Line Drive, 9LM, EV 95.0 MPH)
|
Batting: LHB Jackson Wither
|
0-0: Swinging Strike 0-1: Ball 1-1: Foul Ball, location: 2F 1-2: Foul Ball, location: 2F 1-2: Strikes out swinging
|
Bottom of the 4th over - 0 runs, 0 hits, 1 error, 1 left on base; Pennsylvania State University 3 - Clemson University 0 |
TOP OF THE 5TH |
Pennsylvania State University Nittany Lions batting - Pitching for Clemson University Tigers : RHP Alex Rivas
|
Batting: RHB Roberto Medina
|
0-0: Fly out, F5 (Line Drive, 56, EV 69.4 MPH)
|
Batting: RHB Kaoru Hamada
|
0-0: Called Strike 0-1: DOUBLE (Line Drive, 5D, EV 96.9 MPH)
|
Batting: SHB Glenn Harrison
|
0-0: Ball 1-0: DOUBLE (Line Drive, 89D, EV 106.9 MPH) Kaoru Hamada scores
|
Batting: RHB Klaus Brown
|
0-0: Called Strike 0-1: Ball 1-1: Ball 2-1: Fly out, F8 (Flyball, 8LD, EV 96.9 MPH)
|
Pitching: LHP Jonathan Hughes
|
|
Batting: RHB Franklin van den Berg
|
0-0: Ball 1-0: Ball 2-0: Ball 3-0: Called Strike 3-1: Hit by Pitch
|
Batting: LHB Josh Lane
|
0-0: Fly out, F8 (Flyball, 8RD, EV 104.4 MPH)
|
Top of the 5th over - 1 run, 2 hits, 0 errors, 2 left on base; Pennsylvania State University 4 - Clemson University 0 |
BOTTOM OF THE 5TH |
Clemson University Tigers batting - Pitching for Pennsylvania State University Nittany Lions : RHP David Kalinsky
|
Batting: RHB Neal Perucci
|
0-0: Ground out 5-3 (Groundball, 56S, EV 70.6 MPH)
|
Batting: RHB Dermott Ayliffe
|
0-0: SINGLE (Groundball, 34D, EV 103.1 MPH)
|
Batting: LHB Alonzo Catalan
|
0-0: Called Strike 0-1: Ball 1-1: Ball 2-1: Foul Ball, location: 2F 2-2: Ball 3-2: Strikes out looking
|
Batting: LHB Jayden Pelayo
|
0-0: Called Strike 0-1: Ball 1-1: SINGLE (Line Drive, 6D, EV 100.6 MPH) Dermott Ayliffe to second
|
Batting: RHB Chris Prinzing
|
0-0: Foul Ball, location: 2F 0-1: Ball 1-1: Swinging Strike 1-2: Ball 2-2: Foul Ball, location: 2F 2-2: Ball 3-2: Base on Balls Dermott Ayliffe to third Jayden Pelayo to second
|
Batting: RHB Jorge Alva
|
0-0: DOUBLE (Line Drive, 9LS, EV 92.5 MPH) Dermott Ayliffe scores Jayden Pelayo scores Chris Prinzing to third Runner from 3rd tries for Home, SAFE, throw by RF to trailing runner, SAFE at third!
|
Batting: RHB Josh LeSage
|
0-0: Ball 1-0: Called Strike 1-1: Ball 2-1: Fly out, F8 (Flyball, 8RM, EV 81.2 MPH)
|
Bottom of the 5th over - 3 runs, 3 hits, 0 errors, 1 left on base; Pennsylvania State University 4 - Clemson University 3 |
TOP OF THE 6TH |
Pennsylvania State University Nittany Lions batting - Pitching for Clemson University Tigers : LHP Jonathan Hughes
|
Batting: SHB Oscar Barahona
|
0-0: Called Strike 0-1: Ball 1-1: Ball 2-1: Ball 3-1: Base on Balls
|
Batting: LHB Elijah Mallandain
|
0-0: Ball 1-0: Sac Bunt to 23 - play at first, batter OUT! 3-4 Oscar Barahona to second
|
Batting: RHB John Hopkins
|
0-0: Ball 1-0: Swinging Strike Passed Ball! Oscar Barahona to third 1-1: Foul Ball, location: 2F 1-2: Foul Ball, location: 2F 1-2: 2-RUN HOME RUN (Flyball, 9D, EV 97.5 MPH), Distance : 378 ft
|
Batting: RHB Roberto Medina
|
0-0: Called Strike 0-1: Ball 1-1: Ball 2-1: SOLO HOME RUN (Flyball, 78XD, EV 111.9 MPH), Distance : 427 ft
|
Pitching: LHP Salvatore Vasquez
|
|
Batting: RHB Kaoru Hamada
|
0-0: Called Strike 0-1: Swinging Strike 0-2: Ground out 6-3 (Groundball, 6, EV 81.9 MPH)
|
Batting: SHB Glenn Harrison
|
0-0: Called Strike 0-1: Ball 1-1: Ball 2-1: Swinging Strike 2-2: Strikes out swinging
|
Top of the 6th over - 3 runs, 2 hits, 0 errors, 0 left on base; Pennsylvania State University 7 - Clemson University 3 |
BOTTOM OF THE 6TH |
Clemson University Tigers batting - Pitching for Pennsylvania State University Nittany Lions : RHP David Kalinsky
|
Batting: RHB Jason Duncan
|
0-0: Swinging Strike 0-1: Ball 1-1: Ball 2-1: Ball 3-1: Called Strike 3-2: Fly out, F8 (Flyball, 8RS, EV 80.0 MPH)
|
Batting: LHB Jackson Wither
|
0-0: Fly out, F8 (Flyball, 8LD, EV 102.5 MPH)
|
Batting: RHB Neal Perucci
|
0-0: Ball 1-0: Called Strike 1-1: Foul Ball, location: 2F 1-2: Foul Ball, location: 2F 1-2: Hit by Pitch
|
Pitching: RHP Carsten Kosters
|
|
Batting: RHB Dermott Ayliffe
|
0-0: Called Strike 0-1: Swinging Strike 0-2: Ground out U3 (Groundball, 3L, EV 81.9 MPH)
|
Bottom of the 6th over - 0 runs, 0 hits, 0 errors, 1 left on base; Pennsylvania State University 7 - Clemson University 3 |
TOP OF THE 7TH |
Pennsylvania State University Nittany Lions batting - Pitching for Clemson University Tigers : LHP Salvatore Vasquez
|
Pitching: LHP Brian Anderson
|
|
Batting: RHB Klaus Brown
|
0-0: Swinging Strike 0-1: Ball 1-1: Ball 2-1: Ball 3-1: Called Strike 3-2: Base on Balls
|
Batting: RHB Franklin van den Berg
|
0-0: Fly out, F9 (Flyball, 9D, EV 98.8 MPH)
|
Batting: LHB Josh Lane
|
0-0: DOUBLE (Groundball, 5L, EV 96.2 MPH) Klaus Brown to third
|
Batting: SHB Oscar Barahona
|
0-0: Intentional Walk
|
Batting: LHB Elijah Mallandain
|
0-0: Ball 1-0: Ball Wild Pitch! Klaus Brown scores Josh Lane to third Oscar Barahona to second 2-0: Foul Ball, location: 2F 2-1: Called Strike 2-2: Foul Ball, location: 2F 2-2: Ball 3-2: Foul Ball, location: 2F 3-2: Base on Balls
|
Batting: RHB John Hopkins
|
0-0: Ball 1-0: Ball 2-0: Called Strike 2-1: Called Strike 2-2: Ball 3-2: Fielders Choice at 2nd, 6-4 (Groundball, 6M, EV 85.6 MPH) Josh Lane scores Oscar Barahona to third
|
Batting: RHB Roberto Medina
|
0-0: Ball Pickoff Throw to First - Error! E1 Oscar Barahona scores John Hopkins to second 1-0: Called Strike 1-1: Ball 2-1: SINGLE (Groundball, 56D, EV 98.8 MPH) John Hopkins to third Runner from 3rd tries for Home, SAFE, throw by LF to home
|
Pitching: RHP Cong Tung
|
|
Batting: RHB Kaoru Hamada
|
0-0: Called Strike 0-1: Foul Ball, location: 2F 0-2: Fly out, F9 (Flyball, 89M, EV 95.6 MPH)
|
Top of the 7th over - 4 runs, 2 hits, 1 error, 1 left on base; Pennsylvania State University 11 - Clemson University 3 |
BOTTOM OF THE 7TH |
Clemson University Tigers batting - Pitching for Pennsylvania State University Nittany Lions : RHP Carsten Kosters
|
Batting: LHB Alonzo Catalan
|
0-0: Ball 1-0: Ball 2-0: Called Strike 2-1: Ball 3-1: Base on Balls
|
Batting: LHB Jayden Pelayo
|
0-0: Ball 1-0: Fielders Choice at 2nd, 4-6 (Groundball, 4, EV 87.5 MPH)
|
Batting: RHB Chris Prinzing
|
0-0: Ball 1-0: Foul Ball, location: 2F 1-1: Swinging Strike 1-2: Strikes out swinging
|
Batting: RHB Jorge Alva
|
0-0: Foul Ball, location: 2F 0-1: Called Strike 0-2: Fly out, F8 (Flyball, 8RD, EV 91.2 MPH)
|
Bottom of the 7th over - 0 runs, 0 hits, 0 errors, 1 left on base; Pennsylvania State University 11 - Clemson University 3 |
TOP OF THE 8TH |
Pennsylvania State University Nittany Lions batting - Pitching for Clemson University Tigers : RHP Cong Tung
|
Pinch Hitting: RHB Jesse Sargent
|
0-0: Ground out 6-3 (Groundball, 56, EV 83.8 MPH)
|
Batting: RHB Klaus Brown
|
0-0: Ball 1-0: Foul Ball, location: 2F 1-1: Foul Ball, location: 2F 1-2: Strikes out swinging
|
Batting: RHB Franklin van den Berg
|
0-0: Foul Ball, location: 2F 0-1: Called Strike 0-2: Ball 1-2: Ball 2-2: Ground out 5-3 (Groundball, 25, EV 88.1 MPH)
|
Top of the 8th over - 0 runs, 0 hits, 0 errors, 0 left on base; Pennsylvania State University 11 - Clemson University 3 |
BOTTOM OF THE 8TH |
Clemson University Tigers batting - Pitching for Pennsylvania State University Nittany Lions : RHP Carsten Kosters
|
Now in RF: Jesus Resendez
|
|
Batting: RHB Josh LeSage
|
0-0: Ball 1-0: Called Strike 1-1: Fly out, F5 (Popup, 25F, EV 85.6 MPH)
|
Batting: RHB Jason Duncan
|
0-0: SINGLE (Groundball, 4MD, EV 104.4 MPH)
|
Pinch Hitting: RHB Ryan Thurston
|
0-0: Ball 1-0: Fielders Choice at 2nd, 6-4 (Groundball, 6, EV 86.9 MPH)
|
Batting: RHB Neal Perucci
|
0-0: Ball 1-0: Foul Ball, location: 2F 1-1: SINGLE (Groundball, 56D, EV 107.5 MPH) Ryan Thurston to second
|
Batting: RHB Dermott Ayliffe
|
0-0: Called Strike 0-1: Ball 1-1: Ball 2-1: Ball 3-1: Base on Balls Ryan Thurston to third Neal Perucci to second
|
Batting: LHB Alonzo Catalan
|
0-0: Ball 1-0: Called Strike 1-1: Ball 2-1: Swinging Strike 2-2: Foul Ball, location: 2F 2-2: Foul Ball, location: 2F 2-2: Ball 3-2: Base on Balls Ryan Thurston scores Neal Perucci to third Dermott Ayliffe to second
|
Batting: LHB Jayden Pelayo
|
0-0: Ball 1-0: Fly out, F9 (Flyball, 9D, EV 103.8 MPH)
|
Bottom of the 8th over - 1 run, 2 hits, 0 errors, 3 left on base; Pennsylvania State University 11 - Clemson University 4 |
TOP OF THE 9TH |
Pennsylvania State University Nittany Lions batting - Pitching for Clemson University Tigers : RHP Cong Tung
|
Now at 3B: Jason Duncan
|
|
Now in LF: Ryan Thurston
|
|
Batting: LHB Josh Lane
|
0-0: Ball 1-0: Ball 2-0: Foul Ball, location: 2F 2-1: Foul Ball, location: 2F 2-2: Ground out 4-3 (Groundball, 4S, EV 80.0 MPH)
|
Batting: SHB Oscar Barahona
|
0-0: Ball 1-0: Ball 2-0: Ball 3-0: Base on Balls
|
Pitching: RHP Santos Gonzales
|
|
Batting: LHB Elijah Mallandain
|
0-0: Ball 1-0: Called Strike 1-1: SINGLE (Groundball, 4D, EV 106.9 MPH) Oscar Barahona to second
|
Batting: RHB John Hopkins
|
0-0: SINGLE (Line Drive, 78S, EV 90.6 MPH) Oscar Barahona to third Elijah Mallandain to second Runner from 3rd tries for Home, SAFE, throw by LF to home
|
Batting: RHB Roberto Medina
|
0-0: Ball 1-0: Foul Ball, location: 2F 1-1: Ball 2-1: SINGLE (Line Drive, 8RS, EV 94.4 MPH) Elijah Mallandain to third John Hopkins to second Runner from 3rd tries for Home, SAFE, throw by CF to home
|
Batting: RHB Kaoru Hamada
|
0-0: Ball 1-0: Called Strike 1-1: Grounds into double play, 6-4-3 (Groundball, 6, EV 105.6 MPH)
|
Top of the 9th over - 2 runs, 3 hits, 0 errors, 1 left on base; Pennsylvania State University 13 - Clemson University 4 |
BOTTOM OF THE 9TH |
Clemson University Tigers batting - Pitching for Pennsylvania State University Nittany Lions : RHP Carsten Kosters
|
Pitching: RHP Dave Boudreaux
|
|
Batting: RHB Chris Prinzing
|
0-0: Foul Ball, location: 2F 0-1: Ball 1-1: Ball 2-1: Ball 3-1: SINGLE (Line Drive, 78S, EV 93.1 MPH)
|
Batting: RHB Jorge Alva
|
0-0: Ball 1-0: Swinging Strike 1-1: Swinging Strike 1-2: Ball 2-2: Fly out, F7 (Flyball, 78S, EV 96.9 MPH)
|
Batting: RHB Josh LeSage
|
0-0: Foul Ball, location: 2F 0-1: Foul Ball, location: 2F 0-2: Ball 1-2: Fielders Choice at 2nd, 5-4 (Groundball, 5, EV 85.6 MPH)
|
Batting: RHB Jason Duncan
|
0-0: Called Strike 0-1: Ball 1-1: Swinging Strike 1-2: Ball 2-2: Ball 3-2: TRIPLE (Flyball, 89XD, EV 96.2 MPH) Josh LeSage scores
|
Batting: RHB Ryan Thurston
|
0-0: SINGLE (Flyball, 8LS, EV 81.9 MPH) Jason Duncan scores
|
Batting: RHB Neal Perucci
|
0-0: Called Strike 0-1: Called Strike 0-2: Ball 1-2: Strikes out swinging
|
Bottom of the 9th over - 2 runs, 3 hits, 0 errors, 1 left on base; Pennsylvania State University 13 - Clemson University 6 |
|